 Dungeon Crawl Stone Soup version 0.32-a0-42-ga30500b4d3 (webtiles) character file.

Game seed: 15623470903118165489

535 cforsyth the Trooper (level 7, -2/54 HPs)
             Began as a Djinni Hedge Wizard on Jan 31, 2024.
             Slain by an iguana (11 damage)
             ... on level 4 of the Dungeon.
             The game lasted 00:04:41 (3328 turns).

cforsyth the Trooper (Djinni Hedge Wizard)          Turns: 3328, Time: 00:04:42

Health: -2/54      AC:  3    Str:  9    XL:     7   Next: 50%
Gold:   184        EV: 12    Int: 17    God:
                   SH:  0    Dex: 19

rFire   + + .        q - staff of cold
rCold   . . .        (no shield)
rNeg    . . .        b - +0 robe
rPois   ∞            n - +0 helmet
rElec   .            (no cloak)
rCorr   .            (no gloves)
SInv    .            (boots unavailable)
Will    .....        (no amulet)
Stlth   ++           j - +6 ring of dexterity
HPRegen 0.29/turn    (no ring)
MPRegen 0.00/turn

%: infuse magic (-3 HP)
@: flying
A: sickness immunity, fire resistance 2, cold vulnerability 1, float, innate
caster, HP casting, extra vitality 1
a: no special abilities


You were on level 4 of the Dungeon.
You visited 1 branch of the dungeon, and saw 4 of its levels.

You collected 184 gold pieces.

Inventory:

Hand Weapons
 a - a +0 dagger
Armour
 b - a +0 robe (worn)
 c - a +0 hat
 n - a +0 helmet (worn)
Magical Staves
 q - a staff of cold (weapon)
Jewellery
 j - a +6 ring of dexterity (left hand)
 v - a ring of resist corrosion
Scrolls
 e - 2 scrolls of immolation {unknown}
 f - 2 scrolls of fog {unknown}
 h - a scroll of amnesia {unknown}
 k - a scroll of revelation {unknown}
 l - 3 scrolls of teleportation {unknown}
 o - a scroll of identify {unknown}
 p - a scroll of brand weapon {unknown}
 t - 3 scrolls of summoning {unknown}
 u - a scroll of blinking {unknown}
Potions
 d - a potion of might {unknown}
 g - 2 potions of degeneration {unknown}
 i - 3 potions of curing {unknown}
 m - a potion of magic {unknown}
 r - a potion of attraction {unknown}
 s - a potion of berserk rage {unknown}


   Skills:
 + Level 5.2 Fighting
 - Level 2.1 Dodging
 - Level 1.5 Stealth
 + Level 5.0 Spellcasting
 + Level 5.0 Conjurations
 + Level 5.0 Hexes
 + Level 5.0 Summonings
 + Level 5.0 Necromancy
 + Level 5.0 Translocations
 + Level 5.0 Fire Magic
 + Level 5.0 Ice Magic
 + Level 5.0 Air Magic
 + Level 5.0 Earth Magic
 + Level 5.0 Alchemy


You knew the following spells:

 Your Spells              Type           Power      Damage    Failure   Level
a - Magic Dart            Conj           84%        1d7       1%          1
b - Slow                  Hex            84%        N/A       1%          1
c - Blink                 Tloc           42%        N/A       2%          2
d - Call Imp              Summ           42%        N/A       2%          2
e - Mephitic Cloud        Conj/Alch/Air  21%        N/A       5%          3
f - Summon Small Mammal   Summ           84%        N/A       1%          1
g - Lesser Beckoning      Tloc           42%        N/A       2%          2
h - Vampiric Draining     Necr           21%        2d7       5%          3
Your spell library was empty.

Dungeon Overview and Level Annotations

Branches:
Dungeon (4/15)
 Temple: D:4-7

Altars:
Ashenzari
Yredelemnul


Innate Abilities, Weirdness & Mutations

You are immune to sickness and miasma.
You are immune to poison.
Your flesh is very heat resistant. (rF++)
You are vulnerable to cold. (rC-)
You float through the air rather than walking.
You learn spells naturally, not from books.
Your magical power is your life essence.
You have superior vitality. (+4 MHP)


Message History

The stinking cloud engulfs the bush.
The stinking cloud engulfs the plant.
* * * LOW HITPOINT WARNING * * *
The iguana is engulfed in noxious fumes.
The iguana appears confused.
The iguana is engulfed in noxious fumes.
The iguana appears confused.
The iguana is engulfed in noxious fumes.
The iguana appears confused.
You aren't carrying any items that you can evoke.
Okay, then.
The iguana is engulfed in noxious fumes.
The iguana appears confused.
The iguana is engulfed in noxious fumes.
The iguana bites the bush.
The iguana is engulfed in noxious fumes.
The iguana appears confused.
The iguana is engulfed in noxious fumes.
The iguana bites the plant.
The plant begins to die.
The iguana is engulfed in noxious fumes.
The iguana appears confused.
The iguana is engulfed in noxious fumes.
The iguana appears confused.
The iguana bites the plant!
Casting: Mephitic Cloud (dangerous; 5% risk of failure)
Confirm with . or Enter, or press ? or * to list all spells.
Aiming: Mephitic Cloud (dangerous; 5% risk of failure)
Press: ? - help, Shift-Dir - straight line, f - iguana, p - iguana
Aim: an iguana (noxious fumes, confused, chance to affect: 86%)
The ball explodes into a vile cloud!
The stinking cloud engulfs the iguana. x2
The iguana is severely wounded.
* * * LOW HITPOINT WARNING * * *
The iguana is engulfed in noxious fumes.
The iguana appears confused.
The iguana is engulfed in noxious fumes.
The iguana appears confused.
The iguana is engulfed in noxious fumes.
The iguana appears confused.
A nearby plant withers and dies.
The iguana is engulfed in noxious fumes.
The iguana appears confused.
The iguana bites you!
You die...

#..........P.#
#............#
#............#
#...........##
#.........#.#
#...........#
#.......♣♣♣♣♣
♣♣♣....§○ll.♣#
♣♣##.#♣.P@P#
#..♣♣○.♣#
##.♣♣♣.♣
#.....#
#######


You could see 2 iguanas.

Vanquished Creatures
  Sigmund (D:4)
  A phantom (D:4)
  A gnoll sergeant (D:4)
  A bombardier beetle (D:4)
  A hound (D:4)
  6 adders
  4 gnolls (D:4)
  A dart slug (D:1)
  An orc (D:4)
  7 endoplasms
  2 giant cockroaches
  7 goblins
  5 hobgoblins
  6 jackals (D:1)
  7 kobolds
  2 quokkas
  7 ball pythons
  3 bats
  5 frilled lizards
  9 rats
77 creatures vanquished.

Vanquished Creatures (others)
  A gnoll (D:4)
1 creature vanquished.

Grand Total: 78 creatures vanquished

Notes
Turn   | Place    | Note
-------+----------+-------------------------------------------
     0 | D:1      | cforsyth the Djinni Hedge Wizard began the quest for the
                  | Orb.
     0 | D:1      | cforsyth set off with the following spells memorised: Magic
                  | Dart, Slow, Blink, Call Imp, Mephitic Cloud.
     0 | D:1      | Reached XP level 1. HP: 15/15 MP: 0/0
   127 | D:1      | Reached XP level 2. HP: 9/22 MP: 0/0
   131 | D:1      | Reached skill level 1 in Fighting
   318 | D:1      | Reached XP level 3. HP: 22/27 MP: 0/0
   318 | D:1      | Learned a level 1 spell: Summon Small Mammal
   654 | D:1      | Found a faded altar of an unknown god.
  1171 | D:2      | Reached XP level 4. HP: 29/33 MP: 0/0
  1529 | D:3      | Found a broken altar of Ashenzari.
  1542 | D:3      | Found a basalt altar of Yredelemnul.
  2063 | D:3      | Reached XP level 5. HP: 33/40 MP: 0/0
  2063 | D:3      | Learned a level 2 spell: Lesser Beckoning
  2593 | D:4      | Noticed Sigmund
  2694 | D:4      | Killed Sigmund
  2695 | D:4      | Reached XP level 6. HP: 33/47 MP: 0/0
  2956 | D:4      | Reached XP level 7. HP: 17/53 MP: 0/0
  2956 | D:4      | Learned a level 3 spell: Vampiric Draining
  3299 | D:4      | Reached skill level 5 in Fighting
  3299 | D:4      | Reached skill level 5 in Spellcasting
  3299 | D:4      | Reached skill level 5 in Conjurations
  3299 | D:4      | Reached skill level 5 in Hexes
  3299 | D:4      | Reached skill level 5 in Summonings
  3299 | D:4      | Reached skill level 5 in Necromancy
  3299 | D:4      | Reached skill level 5 in Translocations
  3299 | D:4      | Reached skill level 5 in Fire Magic
  3299 | D:4      | Reached skill level 5 in Ice Magic
  3299 | D:4      | Reached skill level 5 in Air Magic
  3299 | D:4      | Reached skill level 5 in Earth Magic
  3299 | D:4      | Reached skill level 5 in Alchemy
  3328 | D:4      | Slain by an iguana

Illustrated notes

Levels and vault maps discovered:
D:1:      dpeg_arrival_stone_temple_mockup, layout_rooms,
          shapermc_ecumenical_altar_hornbeckon, serial_glass, glass_columns_c,
          glass_columns_a
D:2:      layout_basic
D:3:      minmay_razor_zed, layout_loops_ring,
          mainiacjoe_overflow_large_starburst, minivault_4, minmay_checkerbox
D:4:      layout_basic, nicolae_dithmenos_the_darkroom, serial_forest,
          infiniplex_forest_straight_2, infiniplex_forest_end_2,
          infiniplex_forest_straight_1, infiniplex_forest_join,
          infiniplex_forest_lined_2, infiniplex_forest_corner_1,
          nicolae_grassy_gnolls, uniq_sigmund

Skill      XL: |  1  2  3  4  5  6  7 |
---------------+----------------------+-----
Fighting       | 1 2 4 5 |  5.2
Spellcasting   | 4 5 |  5.0
Conjurations   | 4 5 |  5.0
Hexes          | 4 5 |  5.0
Summonings     | 4 5 |  5.0
Necromancy     | 4 5 |  5.0
Translocations | 4 5 |  5.0
Fire Magic     | 4 5 |  5.0
Ice Magic      | 4 5 |  5.0
Air Magic      | 4 5 |  5.0
Earth Magic    | 4 5 |  5.0
Alchemy        | 4 5 |  5.0
Dodging        | |  2.1
Stealth        | |  1.5

Action                     |  1- 3 |  4- 6 |  7- 9 || total
---------------------------+-------+-------+-------++-------
  Melee: Dagger            |    27 |       |       ||    27
         Punch             |     1 |       |       ||     1
         Staff             |       |    20 |     4 ||    24
   Cast: Magic Dart        |    72 |   104 |    19 ||   195
         Mephitic Cloud    |       |     4 |     6 ||    10
         Summon Small Mamm |       |     2 |       ||     2
         Call Imp          |       |     2 |       ||     2
         Vampiric Draining |       |       |     9 ||     9
   Stab: Confused          |       |       |     1 ||     1
 Armour: Robe              |    19 |    28 |    14 ||    61
  Dodge: Dodged            |    27 |    37 |     6 ||    70

Table legend: (Time is in decaauts)
 A = Elapsed time spent in this place.
 B = Non-inter-level travel time spent in this place.
 C = Inter-level travel time spent in this place.
 D = Time resting spent in this place.
 E = Time spent auto-exploring this place.
 F = Levels seen in this place.
 G = Mean time per level.
                   A        B        C        D        E       F      G
               +--------+--------+--------+--------+--------+-----+--------+
         Total |   3334 |   3282 |     52 |    346 |   2455 |   4 |  833.5 |
       Dungeon |   3334 |   3282 |     52 |    346 |   2455 |   4 |  833.5 |
               +--------+--------+--------+--------+--------+-----+--------+

Top non-repeatable levels by time:
     D:3: 1415 daAuts
     D:1: 754 daAuts
     D:2: 745 daAuts
     D:4: 418 daAuts
